 Dungeon Crawl Stone Soup version 0.30-a0-626-gd6a5dd7a1f (console) character file.

Game seed: 4661170797875724372

1724 Ignak the Ogre Mage (level 9, -6/85 HPs)
             Began as an Ogre Hedge Wizard on Jan 11, 2023.
             Mangled by a gnoll sergeant
             ... wielding a +2 spear of venom
              (9 damage)
             ... on level 6 of the Dungeon.
             The game lasted 00:16:26 (6594 turns).

Ignak the Ogre Mage (Ogre Hedge Wizard)             Turns: 6594, Time: 00:16:26

Health: -6/85      AC:  3    Str: 20    XL:     9   Next: 4%
Magic:  14/17      EV: 10    Int: 15    God:
Gold:   789        SH:  0    Dex:  8    Spells: 8/19 levels left

rFire   + . .      SeeInvis .    n - +0 war axe (flame)
rCold   . . .      Faith    .    (no shield)
rNeg    . . .      Spirit   .    b - +0 robe
rPois   .          Reflect  .    c - +0 hat
rElec   .          Harm     .    (no cloak)
rCorr   .          Rampage  .    (gloves unavailable)
Will    .....                    (boots unavailable)
Stlth   ++                       j - amulet of regeneration
HPRegen 1.14/turn                p - ring of protection from fire
MPRegen 0.15/turn                v - ring of wizardry

@: lethally poisoned (-6 -> -7)
A: large, unfitting armour, tough skin 1
a: no special abilities


You were on level 6 of the Dungeon.
You visited 1 branch of the dungeon, and saw 6 of its levels.

You collected 1479 gold pieces.
You spent 690 gold pieces at shops.

Inventory:

Hand Weapons
 g - a +1 whip of draining
 n - a +0 war axe of flaming (weapon)
Missiles
 t - 10 poisoned darts (quivered)
Armour
 b - a +0 robe (worn)
 c - a +0 hat (worn)
Jewellery
 j - an amulet of regeneration (around neck)
 p - a ring of protection from fire (left hand)
 v - a ring of wizardry (right hand)
Wands
 f - a wand of polymorph (12)
 q - a wand of digging (10)
Scrolls
 e - a scroll of vulnerability {unknown}
 h - a scroll of poison {unknown}
 o - a scroll of brand weapon
 r - 2 scrolls of amnesia {unknown}
 s - a scroll of teleportation
 y - a scroll of noise {unknown}
 z - a scroll of fog {unknown}
Potions
 a - a potion of haste {unknown}
 d - a potion of magic
 i - a potion of curing
 k - 2 potions of lignification {unknown}
 l - a potion of might {unknown}
 m - 2 potions of brilliance
 u - 2 potions of attraction {unknown}
 w - a potion of degeneration {unknown}
 x - 2 potions of berserk rage {unknown}


   Skills:
 + Level 4.6 Fighting
 * Level 4.0 Axes
 + Level 2.9 Armour
 + Level 3.7 Dodging
 + Level 3.3 Stealth
 - Level 1.0 Unarmed Combat
 + Level 5.5 Spellcasting
 + Level 3.3 Conjurations
 - Level 0.8 Summonings
 + Level 3.2 Translocations
 + Level 2.2 Ice Magic


You had 8 spell levels left.
You knew the following spells:

 Your Spells              Type           Power      Damage    Failure   Level
a - Magic Dart            Conj           56%        1d5       1%          1
b - Blink                 Tloc           26%        N/A       2%          2
c - Momentum Strike       Conj/Tloc      28%        3d8       2%          2
d - Mephitic Cloud        Conj/Pois/Air  7%         N/A       12%         3
e - Frozen Ramparts       Ice            20%        1d4       8%          3

Your spell library contained the following spells:

 Spells                   Type           Power      Damage    Failure   Level
 Freeze                   Ice            40%        1d6       2%          1
 Gell's Gravitas          Tloc           13%        N/A       4%          3
 Lesser Beckoning         Tloc           26%        N/A       4%          3
 Teleport Other           Tloc           13%        N/A       4%          3
 Slow                     Hex            16%        N/A       6%          1
 Ensorcelled Hibernation  Hex/Ice        14%        N/A       6%          2
 Hailstorm                Conj/Ice       12%        3d5       6%          3
 Call Imp                 Summ           6%         N/A       7%          2
 Cigotuvi's Dreadful Rot  Necr/Pois/Air  8%         N/A       10%         2
 Kindle Blastsparks       Fire/Tloc/Air  14%        2d11      12%         3
 Iskenderun's Mystic Bla  Conj/Tloc      14%        2d5       16%         4
 Spider Form              Tmut/Pois      4%         N/A       19%         3
 Fulminant Prism          Conj/Hex       4%         3d5       30%         4
 Anguish                  Hex/Necr       2%         N/A       50%         4
 Lee's Rapid Deconstruct  Erth           2%         3d4*      83%         5


Dungeon Overview and Level Annotations

Branches:
Dungeon (6/15)
 Temple: D:4-7

Altars:
Cheibriados
Qazlal
Trog
Yredelemnul
Zin

Shops:
D:3 =


Innate Abilities, Weirdness & Mutations

You are too large for most types of armour.
You have tough skin. (AC +1)


Message History

Press: ? - help, Dir - look around, f - activate The walls around you are covered in ice.
The gnoll hits you from afar with a +0 spear.
The wall freezes the gnoll. x2
The gnoll hits you from afar with a +0 spear.
Unknown command.
You struggle against the net.
The wall freezes the gnoll.
The gnoll hits you with a +0 flail!
The wall freezes the gnoll.
The gnoll hits you from afar with a +0 spear. x2
The wall freezes the gnoll sergeant.
The gnoll sergeant hits you from afar with a +2 spear of venom!
You are poisoned.
You shred the net and break free!
You feel sick.
The wall freezes the gnoll but does no damage.
The gnoll hits you with a +0 flail.
The wall freezes the gnoll.
The gnoll hits you with a +0 flail.
The wall freezes the gnoll.
The gnoll hits you from afar with a +0 spear.
The gnoll closely misses you.
The wall freezes the gnoll sergeant.
The gnoll sergeant misses you.
You hit the gnoll but do no damage.
The gnoll is moderately wounded.
You hit the gnoll. You burn the gnoll.
You feel sick.
The gnoll hits you from afar with a +0 spear.
* * * LOW HITPOINT WARNING * * *
The wall freezes the gnoll.
The gnoll hits you with a +0 flail!
* * * LOW HITPOINT WARNING * * *
The wall freezes the gnoll sergeant but does no damage.
The gnoll sergeant closely misses you.
The wall freezes the gnoll.
The gnoll barely misses you.
You slash the gnoll! You burn the gnoll.
You kill the gnoll!
You hit the gnoll. You burn the gnoll.
The frozen ramparts melt away.
You feel sick.
The gnoll hits you from afar with a +0 spear.
* * * LOW HITPOINT WARNING * * *
The gnoll completely misses you.
The gnoll hits you from afar with a +0 spear!
* * * LOW HITPOINT WARNING * * *
The gnoll sergeant hits you from afar with a +2 spear of venom!
You die...

....##...##
##........ ####
##...###.........
###.^##.........
##.##........#
##.#.......#
##......#
##....## ##..g#
##@#.....
##)g...# ggg..#
....... #......
....<. .$....
#.....


You could see a gnoll sergeant and 4 gnolls.

Vanquished Creatures
  A two-headed ogre (D:4)
  Menkaure (D:5)
  A black bear (D:5)
  2 necrophages
  3 scorpions
  A howler monkey (D:5)
  2 jellies
  2 orc priests
  5 hounds
  An iguana (D:4)
  Terence (D:2)
  2 orc wizards
  A gnoll (D:6)
  11 adders
  An ufetubus (D:5)
  6 worms
  10 orcs
  4 bats
  8 endoplasms
  2 giant cockroaches (D:4)
  6 goblins
  3 hobgoblins
  10 jackals
  11 kobolds
  5 quokkas
  10 ball pythons
  4 frilled lizards
  23 rats
137 creatures vanquished.

Notes
Turn   | Place    | Note
-------+----------+-------------------------------------------
     0 | D:1      | Ignak the Ogre Hedge Wizard began the quest for the Orb.
     0 | D:1      | Reached XP level 1. HP: 16/16 MP: 5/5
    51 | D:1      | Reached skill level 1 in Conjurations
    51 | D:1      | Reached skill level 1 in Translocations
   114 | D:1      | Reached XP level 2. HP: 14/26 MP: 1/6
   655 | D:2      | Reached skill level 1 in Fighting
   671 | D:2      | Reached XP level 3. HP: 27/33 MP: 5/8
   958 | D:2      | Learned a level 2 spell: Blink
   962 | D:2      | Learned a level 3 spell: Mephitic Cloud
  1066 | D:2      | Reached XP level 4. HP: 28/41 MP: 2/9
  1203 | D:2      | Reached skill level 1 in Unarmed Combat
  1480 | D:2      | Noticed Terence
  1496 | D:2      | Killed Terence
  1497 | D:2      | Reached skill level 4 in Spellcasting
  1856 | D:3      | Found a stormy altar of Qazlal.
  2037 | D:3      | Reached XP level 5. HP: 20/48 MP: 7/11
  2223 | D:3      | Found Yseawk's Jewellery Emporium.
  2249 | D:3      | Found Zin's Purification Station.
  2253 | D:3      | Found a glowing silver altar of Zin.
  2558 | D:4      | Reached skill level 1 in Armour
  2727 | D:4      | Found a bloodstained altar of Trog.
  3079 | D:4      | Reached XP level 6. HP: 21/57 MP: 12/12
  4038 | D:4      | Reached skill level 1 in Axes
  4043 | D:4      | Learned a level 3 spell: Frozen Ramparts
  4046 | D:4      | Learned a level 2 spell: Momentum Strike
  4111 | D:4      | Reached XP level 7. HP: 47/66 MP: 13/13
  4917 | D:5      | Entered Level 5 of the Dungeon
  4917 | D:5      | Noticed a two-headed ogre
  5251 | D:4      | Killed a two-headed ogre
  5252 | D:4      | Reached skill level 5 in Spellcasting
  5252 | D:4      | Reached skill level 1 in Ice Magic
  5252 | D:4      | Reached XP level 8. HP: 26/78 MP: 5/15
  5666 | D:5      | Identified a scroll of acquirement
  5667 | D:5      | Acquired 1134 gold pieces
  5747 | D:3      | Bought a potion of curing for 90 gold pieces
  5762 | D:3      | Bought an amulet of regeneration for 300 gold pieces
  5767 | D:3      | Bought a ring of wizardry for 300 gold pieces
  6099 | D:5      | Noticed Menkaure
  6126 | D:5      | Killed Menkaure
  6408 | D:6      | Found a basalt altar of Yredelemnul.
  6410 | D:6      | Found a snail-covered altar of Cheibriados.
  6450 | D:6      | Reached XP level 9. HP: 41/85 MP: 17/17
  6594 | D:6      | HP: 3/85 [gnoll/+0 spear[a gnoll sergeant] (8)]
  6594 | D:6      | Mangled by a gnoll sergeant

Illustrated notes

Levels and vault maps discovered:
D:1:      mrwooster_arrival_statue, layout_rooms
D:2:      layout_loops_ring, uniq_terence
D:3:      layout_rooms, zin_purify, mainiacjoe_overflow_24_doors, serial_shops,
          shop, nicolae_wormholes
D:4:      minmay_bubble_buster, layout_loops_ring, mainiacjoe_overflow_alcove_4,
          minmay_misc_feat_more_columns, minmay_rat_hole
D:5:      layout_basic, uniq_menkaure
D:6:      layout_layer_cave, chequers_temple_overflow_statue_of_worship,
          mainiacjoe_overflow_cross_hatched, nzn_wu_jian_council_hall

Skill      XL: |  1  2  3  4  5  6  7  8  9 |
---------------+----------------------------+-----
Conjurations   | 1 2 3 |  3.3
Translocations | 1 2 3 |  3.2
Fighting       | 1 2 3 4 |  4.6
Dodging        | 2 3 |  3.7
Unarmed Combat | 1 |  1.0
Spellcasting   | 4 5 |  5.5
Stealth        | 2 3 |  3.3
Armour         | 1 2 |  2.9
Axes           | 1 3 4 |  4.0
Ice Magic      | 1 2 |  2.2
Summonings     | |  0.8

Action                   |  1- 3 |  4- 6 |  7- 9 || total
-------------------------+-------+-------+-------++-------
Melee: Dagger            |    48 |       |       ||    48
       Whip              |    20 |       |       ||    20
       Mace              |    44 |   190 |       ||   234
       Punch             |       |     4 |     2 ||     6
       War axe           |       |    51 |   146 ||   197
       Flail             |       |    10 |       ||    10
Throw: Dart              |       |    12 |     5 ||    17
 Cast: Magic Dart        |    22 |    38 |       ||    60
       Mephitic Cloud    |       |     4 |     3 ||     7
       Blink             |       |       |     4 ||     4
       Frozen Ramparts   |       |       |     7 ||     7
       Momentum Strike   |       |       |     3 ||     3
  Use: Scroll            |       |     4 |     4 ||     8
       Potion            |       |     3 |     1 ||     4
 Stab: Sleeping          |     1 |     2 |       ||     3
       Confused          |       |     1 |       ||     1
Armor: Robe              |    43 |    89 |    47 ||   179
       Gold dragon scale |       |       |     2 ||     2
Dodge: Dodged            |    72 |   159 |   106 ||   337

Table legend: (Time is in decaauts)
 A = Elapsed time spent in this place.
 B = Non-inter-level travel time spent in this place.
 C = Inter-level travel time spent in this place.
 D = Time resting spent in this place.
 E = Time spent auto-exploring this place.
 F = Levels seen in this place.
 G = Mean time per level.
                   A        B        C        D        E       F      G
               +--------+--------+--------+--------+--------+-----+--------+
         Total |   6773 |   6539 |    234 |   1518 |   2907 |   6 | 1128.8 |
       Dungeon |   6773 |   6539 |    234 |   1518 |   2907 |   6 | 1128.8 |
               +--------+--------+--------+--------+--------+-----+--------+

Top non-repeatable levels by time:
     D:4: 2564 daAuts
     D:3: 1309 daAuts
     D:2: 1172 daAuts
     D:5: 807 daAuts
     D:1: 653 daAuts
     D:6: 267 daAuts
